 Dungeon Crawl Stone Soup version 0.23.2-40-g277498a001 (webtiles) character file.

Game seed: 9334001923870522921

704 Kaiomaar the Cleaver (level 7, -1/58 HPs)
             Began as a Minotaur Berserker on Sept 27, 2019.
             Was a Priest of Trog.
             Slain by a water moccasin (4 damage)
             ... on level 4 of the Dungeon.
             The game lasted 00:31:13 (3719 turns).

Kaiomaar the Cleaver (Minotaur Berserker)           Turns: 3719, Time: 00:31:14

Health: -1/58      AC:  4    Str: 23    XL:     7   Next: 39%
Magic:  6/6        EV: 13    Int:  4    God:    Trog [***...]
Gold:   95         SH:  0    Dex: 10    Spells: 6/6 levels left

rFire    . . .     SeeInvis +   a - +0 hand axe
rCold    . . .     Gourm    .   (no shield)
rNeg     . . .     Faith    .   b - +0 animal skin
rPois    +         Spirit   .   (helmet restricted)
rElec    .         Reflect  .   J - +0 cloak
rCorr    .         Harm     .   d - +0 pair of gloves
MR       .....                  (no boots)
Stlth    +.........             (no amulet)
HPRegen  0.19/turn              q - ring of poison resistance
MPRegen  0.10/turn              o - ring of see invisible

@: lethally poisoned (-1 -> -8)
A: retaliatory headbutt, horns 2
a: Berserk, Trog's Hand, Renounce Religion


You were on level 4 of the Dungeon.
You worshipped Trog.
Trog was most pleased with you.
You were not hungry.

You visited 1 branch of the dungeon, and saw 4 of its levels.

You collected 95 gold pieces.

Inventory:

Hand Weapons
 a - a +0 hand axe (weapon)
 k - a +0 hand axe
 m - a +0 hunting sling
 n - a +0 hand axe
 t - a +0 club
 u - a +0 club
 w - a +0 great sword
 y - a +0 short sword
 B - a +2 mace of protection
 D - a +0 dagger
 H - a +0 falchion of holy wrath
 I - a +4 quarterstaff of chaos
 K - a +0 giant club
Missiles
 p - 83 stones (quivered)
 A - 4 tomahawks
Armour
 b - a +0 animal skin (worn)
 d - a +0 pair of gloves (worn)
 f - a +0 leather armour
 r - a +0 ring mail
 s - a +0 robe
 x - a +0 leather armour
 J - a +0 cloak (worn)
Jewellery
 o - a ring of see invisible (right hand)
 q - a ring of poison resistance (left hand)
Scrolls
 e - 3 scrolls of identify {unknown}
 g - 3 scrolls of magic mapping
 h - 2 scrolls of remove curse {unknown}
 i - a scroll of teleportation
 l - 2 scrolls of random uselessness {unknown}
 z - a scroll of enchant weapon {unknown}
 C - a scroll of noise {unknown}
 E - a scroll of enchant armour {unknown}
 G - a scroll of blinking {unknown}
Potions
 j - 2 potions of mutation {unknown}
 v - 2 potions of lignification {unknown}
Comestibles
 c - 6 rations
 F - 4 chunks of flesh


   Skills:
 - Level 3.7 Fighting
 * Level 8.9 Axes
 * Level 4.1 Armour
 + Level 3.8 Dodging
 + Level 1.2 Stealth


You had 6 spell levels left.
You didn't know any spells.
Your spell library was empty.

Dungeon Overview and Level Annotations

Branches:
Dungeon (4/15)
 Temple: D:4-7

Altars:
Ashenzari
Elyvilon
Hepliaklqana
Kikubaaqudgha
Nemelex Xobeh
Sif Muna


Innate Abilities, Weirdness & Mutations

You reflexively headbutt those who attack you in melee.
You have a pair of horns on your head.


Message History

* * * LOW HITPOINT WARNING * * *
You feel sick. The water moccasin misses you. You furiously retaliate!
You headbutt the water moccasin!
You hit the water moccasin but do no damage.
Your headbutt misses the water moccasin.
The water moccasin is heavily wounded.
The water moccasin bites you.
* * * LOW HITPOINT WARNING * * *
You hit the water moccasin.
The water moccasin is heavily wounded.
* * * LOW HITPOINT WARNING * * *
You feel sick. The water moccasin barely misses you. You furiously retaliate!
You headbutt the water moccasin!
A worker ant comes into view.
The water moccasin closely misses you.
You hit the water moccasin.
The water moccasin is almost dead.
* * * LOW HITPOINT WARNING * * *
You feel sick. The water moccasin bites you.
You die...

## ..## ######....#
##.#<...# #......## #...
#...##.## .... ###.###..#
..... ###....##..# .....
.. ##....@#.#..## ......
....#.....)S..#..##......
..............#..[.......
..[..............)$....#
.........##.....#.....##
..........รท.....##...##
.#.........a.##.# #..#
#..##.#.###....# ...#
##....#.. ..##... .....


You could see a water moccasin and a worker ant.

Vanquished Creatures
  An ogre (D:4)
  A howler monkey (D:4)
  3 vampire bats (D:2)
  4 orc wizards
  Crazy Yiuf (D:3)
  Jessica (D:3)
  Natasha (thrice) (D:3)
  A killer bee zombie (D:2)
  3 gnolls (D:3)
  8 adders
  2 oozes
  4 worms (D:2)
  2 dart slugs (D:1)
  2 leopard geckos
  8 orcs
  4 bats
  A bat skeleton (D:2)
  4 bat zombies (D:2)
  3 giant cockroaches
  7 goblins
  7 hobgoblins
  3 jackals (D:3)
  A quokka (D:2)
  6 frilled lizards
  6 kobolds
  4 rats
90 creatures vanquished.

Notes
Turn   | Place    | Note
-------+----------+-------------------------------------------
     0 | D:1      | Kaiomaar the Minotaur Berserker began the quest for the
                  | Orb.
     0 | D:1      | Reached XP level 1. HP: 19/19 MP: 0/0
   213 | D:1      | Reached skill level 4 in Axes
   221 | D:1      | Reached XP level 2. HP: 22/27 MP: 1/1
   646 | D:1      | Reached XP level 3. HP: 33/33 MP: 2/2
  1056 | D:2      | Reached skill level 5 in Axes
  1145 | D:2      | Reached XP level 4. HP: 40/40 MP: 3/3
  1482 | D:2      | Reached skill level 6 in Axes
  1633 | D:2      | Found a white marble altar of Elyvilon.
  1700 | D:2      | Reached ** piety under Trog
  1707 | D:2      | Reached XP level 5. HP: 46/46 MP: 4/4
  1721 | D:2      | Found an ancient bone altar of Kikubaaqudgha.
  1745 | D:2      | Reached skill level 7 in Axes
  2193 | D:3      | Found a sparkling altar of Nemelex Xobeh.
  2249 | D:3      | Reached XP level 6. HP: 52/52 MP: 5/5
  2272 | D:3      | Found a runed translucent door.
  2273 | D:3      | Noticed Crazy Yiuf
  2433 | D:3      | Noticed Natasha
  2434 | D:3      | Found a shattered altar of Ashenzari.
  2447 | D:3      | Killed Natasha
  2447 | D:3      | Reached skill level 1 in Stealth
  2707 | D:3      | Noticed Natasha
  2710 | D:3      | Killed Natasha
  2717 | D:3      | Found a hazy altar of Hepliaklqana.
  2718 | D:3      | Found a faded altar of an unknown god.
  2719 | D:3      | Noticed Jessica
  2732 | D:3      | Killed Jessica
  2985 | D:3      | Noticed Natasha
  3153 | D:3      | Found a deep blue altar of Sif Muna.
  3332 | D:3      | Killed Natasha
  3426 | D:3      | Reached skill level 8 in Axes
  3531 | D:3      | Killed Crazy Yiuf
  3531 | D:3      | Reached XP level 7. HP: 34/58 MP: 6/6
  3712 | D:4      | Reached *** piety under Trog
  3719 | D:4      | Slain by a water moccasin

Skill      XL: |  1  2  3  4  5  6  7 |
---------------+----------------------+-----
Axes           | 4 5 6 7 8 |  8.9
Armour         | 3 4 |  4.1
Dodging        | 3 |  3.8
Stealth        | 1 |  1.2
Fighting       | |  3.7

Action                   |  1- 3 |  4- 6 |  7- 9 || total
-------------------------+-------+-------+-------++-------
Melee: Hand axe          |    76 |   156 |    30 ||   262
       Headbutt          |     9 |    23 |     5 ||    37
  Use: Scroll            |     2 |       |       ||     2
 Stab: Sleeping          |     2 |     1 |       ||     3
  Eat: Chunk             |     1 |     4 |     1 ||     6
       Ration            |       |     1 |       ||     1
Armor: Animal skin       |    16 |    30 |     4 ||    50
Dodge: Dodged            |    46 |    90 |    17 ||   153
